cohdb
Replays
Latest Replays
All Replays
Popular Replays
Top Player Replays
Match Explorer
How It Works
Community
CoH3 Stats
Reddit
Sign in to upload your games and track your stats! →
Sign in with Steam
Match 44249612
Unlisted
Match 44249612
Overview
Messages
Build Orders
End
Selects Airborne Battlegroup
Selects Smoke Bombing Run
Selects Heavy Machine Gun Paradrop
Heavy Machine Gun Paradrop
Engineer Squad
Construct Weapon Support Center
Scout Squad
Heavy Machine Gun Paradrop
Selects Paratrooper Squad Paradrop
Paratrooper Squad Paradrop
Paratrooper Squad Paradrop
Infantry Support Center
Selects Supply Drop
Supply Drop
Munitions Surplus
Construct Tank Depot
Paratrooper Squad Paradrop
Supply Drop
Selects Anti-tank Gun Team Paradrop
Improved M9 Bazooka Rockets
Smoke Bombing Run
Smoke Bombing Run
Johnny_Truelove
RinkyDinkis
DrewP
Dillbro
0
0
Comments
sign in to comment!
No comments posted yet!